 Dungeon Crawl Stone Soup version 0.24-a0-715-g0b739ee41d (webtiles) character file.

Game seed: 8400140482158349806, levelgen mode: deterministic

425 Gynju the Magician (level 6, -1/32 HPs)
             Began as a Deep Elf Fire Elementalist on Sept 30, 2019.
             Slain by an iguana (7 damage)
             ... on level 5 of the Dungeon.
             The game lasted 00:05:46 (3884 turns).

Gynju the Magician (Deep Elf Fire Elementalist)     Turns: 3884, Time: 00:05:47

Health: -1/32      AC:  2    Str:  5    XL:     6   Next: 64%
Magic:  15/15      EV: 14    Int: 22    God:
Gold:   100        SH:  4    Dex: 15    Spells: 9/15 levels left

rFire    . . .     SeeInvis .   q - -2 rapier (curse)
rCold    . . .     Gourm    .   p - +0 buckler
rNeg     . . .     Faith    .   a - +0 robe
rPois    .         Spirit   .   (no helmet)
rElec    .         Reflect  .   (no cloak)
rCorr    .         Harm     .   (no gloves)
MR       .....                  (no boots)
Stlth    ++........             (no amulet)
HPRegen  0.10/turn              (no ring)
MPRegen  0.14/turn              (no ring)

@: no status effects
A: no striking features
a: no special abilities


You were on level 5 of the Dungeon.
You were hungry.

You visited 1 branch of the dungeon, and saw 5 of its levels.

You collected 100 gold pieces.

Inventory:

Hand Weapons
 d - a +0 dagger
 q - a cursed -2 rapier (weapon)
Missiles
 f - 26 poisoned darts (quivered)
Armour
 a - a +0 robe (worn)
 p - a +0 buckler (worn)
Scrolls
 e - 4 scrolls of amnesia
 i - a scroll of immolation {unknown}
 l - 3 scrolls of blinking
Potions
 b - a potion of flight
 h - a potion of berserk rage
 j - a potion of lignification
 k - a potion of agility
 n - a potion of cancellation {unknown}
 o - a potion of degeneration {unknown}
 r - a potion of brilliance {unknown}
 s - a potion of heal wounds {unknown}
Comestibles
 c - 2 rations


   Skills:
 + Level 4.5 Dodging
 - Level 2.4 Stealth
 + Level 1.6 Shields
 + Level 5.1 Spellcasting
 + Level 3.5 Conjurations
 + Level 4.8 Fire Magic


You had 9 spell levels left.
You knew the following spells:

 Your Spells              Type           Power        Failure   Level  Hunger
a - Flame Tongue          Conj/Fire      ###..        2%          1    None
b - Throw Flame           Conj/Fire      ###...       3%          2    None
c - Conjure Flame         Conj/Fire      ###.....     7%          3    ##.....

Your spell library contained the following spells:

 Spells                   Type           Power        Failure   Level  Hunger
 Confusing Touch          Hex            #.....       13%         1    None
 Inner Flame              Hex/Fire       ###.....     14%         3    ##.....
 Sticky Flame             Conj/Fire      ###.....     22%         4    ####...
 Confuse                  Hex            #.......     36%         3    ##.....
 Gell's Gravitas          Tloc           #.........   36%         3    ##.....
 Fireball                 Conj/Fire      ###.......   54%         5    #####..
 Petrify                  Tmut/Erth      #.......     78%         4    ####...
 Metabolic Englaciation   Hex/Ice        #.........   98%         5    #####..
 Yara's Violent Unravell  Hex/Tmut       #.........   98%         5    #####..


Dungeon Overview and Level Annotations

Branches:
Dungeon (5/15)
 Temple: D:4-7

Altars:

Shops:
D:4 *   D:5 !


Message History

Throwing (i - inventory. (/) - cycle)
g - 2 silver javelins (quivered)
Press: ? - help, Shift-Dir - straight line, f/p - crimson imp
Aim: a crimson imp You throw a silver javelin.
The silver javelin barely misses the crimson imp.
Throwing (i - inventory. (/) - cycle)
g - a silver javelin (quivered)
Press: ? - help, Shift-Dir - straight line, f/p - crimson imp
Aim: a crimson imp You throw a silver javelin.
The silver javelin pierces through the crimson imp.
The crimson imp is heavily wounded.
The iguana bites you.
* * * LOW HITPOINT WARNING * * *
Throwing (i - inventory)
f - 27 poisoned darts (quivered)
Press: ? - help, Shift-Dir - straight line, f/p - crimson imp
Aim: a crimson imp (moderately wounded)
You throw a poisoned dart.
The poisoned dart misses the crimson imp.
The iguana bites you!
You die...

..... .# #. ..(.. .### #...
...... .... ..
##..###.#...#####... .#..
....#....# +.....+ ....
....#....# #.....# .....
.........###.....###.....#
........#...#..l#...#....#
.........(....5.@........#
.........(...............#
.)####.<..........#....$##
[## #............#......#
).# ##..#.............##
..#####.#...............###
......#....................
...........#.#.##........##
.>.........######........#


You could see an iguana and a crimson imp.

Vanquished Creatures
  An ice beast (D:5)
  A scorpion (D:4)
  An orc priest (D:5)
  A bullfrog skeleton (D:5)
  An orc wizard (D:4)
  7 adders
  A gnoll (D:1)
  3 worms
  2 leopard geckos (D:3)
  20 orcs
  8 bats
  3 giant cockroaches
  8 goblins
  10 hobgoblins
  10 jackals
  3 quokkas
  3 ball pythons
  3 frilled lizards
  6 kobolds
  9 rats
101 creatures vanquished.

Notes
Turn   | Place    | Note
-------+----------+-------------------------------------------
     0 | D:1      | Gynju the Deep Elf Fire Elementalist began the quest for
                  | the Orb.
     0 | D:1      | Reached XP level 1. HP: 10/10 MP: 6/6
   282 | D:1      | Reached XP level 2. HP: 11/15 MP: 1/8
   555 | D:1      | Reached XP level 3. HP: 19/19 MP: 5/10
   639 | D:1      | Learned a level 2 spell: Throw Flame
   643 | D:1      | Learned a level 3 spell: Conjure Flame
  1212 | D:2      | Reached XP level 4. HP: 23/24 MP: 5/11
  1416 | D:2      | Reached skill level 4 in Spellcasting
  2439 | D:3      | Reached XP level 5. HP: 15/28 MP: 0/13
  3157 | D:4      | Found Ucilao's Assorted Antiques.
  3226 | D:4      | Reached skill level 1 in Shields
  3235 | D:5      | Entered Level 5 of the Dungeon
  3315 | D:5      | Reached XP level 6. HP: 30/32 MP: 9/15
  3760 | D:5      | Found Cyng's Distillery.
  3777 | D:5      | Noticed an ice beast
  3788 | D:5      | Killed an ice beast
  3788 | D:5      | Reached skill level 5 in Spellcasting
  3884 | D:5      | Slain by an iguana

Levels and vault maps discovered:
D:1:      nicolae_arrival_memento_mori, layout_basic, st_stairs_2,
          minmay_pentomino_v2
D:2:      layout_basic
D:3:      layout_loops_ring
D:4:      lemuel_castle_with_subvaults [lemuel_castle_interior_carwin_3],
          layout_gridville, serial_shops, shop, first_ration, st_stairs_1,
          serial_bayou_pond_e, minmay_misc_feat_pillars
D:5:      lemuel_ratsnest, layout_cave_pools, serial_shops, shop,
          minmay_fractal_squares_diagonal_5, uniq_duvessa

Skill      XL: |  1  2  3  4  5  6 |
---------------+-------------------+-----
Dodging        | 3 4 |  4.5
Conjurations   | 2 3 |  3.5
Fire Magic     | 4 |  4.8
Spellcasting   | 4 5 |  5.1
Shields        | 1 |  1.6
Stealth        | |  2.4

Action                   |  1- 3 |  4- 6 || total
-------------------------+-------+-------++-------
Melee: Unarmed           |     5 |       ||     5
       Dagger            |       |     8 ||     8
       Rapier            |       |    26 ||    26
Throw: Javelin           |       |    12 ||    12
       Dart              |       |     1 ||     1
 Cast: Flame Tongue      |    69 |   146 ||   215
  Use: Scroll            |       |     8 ||     8
  Eat: Chunk             |     1 |     7 ||     8
Armor: Robe              |     4 |    10 ||    14
Dodge: Dodged            |    20 |    68 ||    88
Block: Buckler           |       |    12 ||    12

Table legend:
 A = Non-vault XP
 B = Vault XP
 C = Vault XP percentage of total XP
 D = Non-vault monster count
 E = Vault monster count
 F = Vault count percentage of total count
                 A         B        C        D         E       F
            +---------+---------+-------+---------+---------+-------
      Total |     601 |       7 |   1.2 |      97 |       4 |   4.0
            +---------+---------+-------+---------+---------+-------
        D:1 |      57 |       7 |  10.9 |      27 |       4 |  12.9
        D:2 |     102 |       0 |   0.0 |      30 |       0 |   0.0
        D:3 |      71 |       0 |   0.0 |      20 |       0 |   0.0
        D:4 |     117 |       0 |   0.0 |       7 |       0 |   0.0
        D:5 |     254 |       0 |   0.0 |      13 |       0 |   0.0
            +---------+---------+-------+---------+---------+-------
